 Dungeon Crawl Stone Soup version 0.29.0-13-gc9e81de378 (webtiles) character file.

Game seed: 16627239749383292754

7350 mdonais the Cleaver (level 11, -4/99 HPs)
             Began as a Meteoran Fighter on Sept 10, 2022.
             Was an Initiate of Gozag.
             Slain by a sixfirhy (10 damage)
             ... summoned by an orc high priest
             ... on level 1 of the Orcish Mines.
             The game lasted 00:28:17 (3440 turns).

mdonais the Cleaver (Meteoran Fighter)              Turns: 3440, Time: 00:28:17

Health: -4/99      AC: 21    Str: 29    XL:     11   Next: 61%
Magic:  13/13      EV: 10    Int: 10    God:    Gozag
Gold:   944        SH: 11    Dex: 15    Spells: 10/10 levels left

rFire   + . .      SeeInvis .   a - +0 war axe
rCold   + . .      Faith    .   h - +0 kite shield
rNeg    + . .      Spirit   .   G - +2 pearl dragon scales of Esexops {+Blink rF+ rN+ Regen+}
rPois   .          Reflect  .   e - +1 helmet "Eshotoe" {rC+ Str+2 Stlth-}
rElec   .          Harm     .   (no cloak)
rCorr   +          Rampage  .   (no gloves)
Will    +....                   E - +2 pair of boots
Stlth   ..........              (no amulet)
HPRegen 1.06/turn               i - +6 ring of strength
MPRegen 0.13/turn               g - ring of resist corrosion

@: lethally poisoned (-4 -> -6), about to teleport, on berserk cooldown, slowed,
glowing, very slow
A: sense surroundings 2, otherworldly, glowing, explore regen, camouflage 1,
high MP 1
a: Renounce Religion, Evoke Blink, Potion Petition, Call Merchant, Bribe Branch


You were on level 1 of the Orcish Mines.
You worshipped Gozag.
Gozag was pleased with you.
You visited 2 branches of the dungeon, and saw 11 of its levels.
You also visited: Sewer.

You collected 1331 gold pieces.
You paid 387 gold pieces to Gozag.

Inventory:

Hand Weapons
 a - a +0 war axe (weapon)
 x - a +0 dagger of venom
   (You took it off an orc wizard on level 5 of the Dungeon)
 H - a +2 dagger of holy wrath
   (You took it off a kobold on level 9 of the Dungeon)
 I - a +4 flail
   (You took it off an orc on level 9 of the Dungeon)
Missiles
 p - 26 poisoned darts
 t - 8 boomerangs (quivered)
 F - a curare-tipped dart
Armour
 e - the +1 helmet "Eshotoe" (worn) {rC+ Str+2 Stlth-}
   (You acquired it on level 5 of the Dungeon)

   Str:       It affects your strength (+2).
   rC:        It protects you from cold.
   Stlth:     It makes you less stealthy.
 f - a +2 scale mail of poison resistance
   (You took it off Edmund on level 6 of the Dungeon)
 h - a +0 kite shield (worn)
   (You found it on level 1 of the Dungeon)
 w - a +0 plate armour
   (You took it off an orc warrior on level 6 of the Dungeon)
 E - a +2 pair of boots (worn)
   (You found it on level 8 of the Dungeon)
 G - the +2 pearl dragon scales of Esexops (worn) {+Blink rF+ rN+ Regen+}
   (You took it off a kobold on level 8 of the Dungeon)

   rF:        It protects you from fire.
   rN:        It protects you from negative energy.
   +Blink:    It lets you blink.
   Regen:     It increases your rate of health regeneration.
Jewellery
 c - a ring of protection from cold
   (You found it on level 1 of the Dungeon)
 g - a ring of resist corrosion (right hand)
   (You found it on level 6 of the Dungeon)
 i - a +6 ring of strength (left hand)
   (You found it on level 1 of the Dungeon)
Wands
 u - a wand of polymorph (4)
   (You found it on level 6 of the Dungeon)
 C - a wand of roots (3)
   (You found it on level 6 of the Dungeon)
 P - a wand of paralysis (7)
   (You found it on level 7 of the Dungeon)
Scrolls
 b - a scroll of fear
 j - a scroll of vulnerability
 r - a scroll of enchant weapon {unknown}
 y - a scroll of enchant armour
 A - a scroll of silence
 M - 2 scrolls of magic mapping
 T - a scroll of teleportation
Potions
 l - a potion of flight
 o - a potion of degeneration
 q - 3 potions of lignification
 Q - 3 potions of curing
Miscellaneous
 D - a phantom mirror
   (You found it on level 9 of the Dungeon)


   Skills:
 - Level 10.0 Fighting
 - Level 12.0 Axes
 + Level 8.1 Armour
 - Level 3.0 Dodging
 + Level 9.4 Shields
 - Level 5.0 Evocations


You had 10 spell levels left.
You didn't know any spells.
Your spell library contained the following spells:

 Spells                   Type           Power      Damage    Failure   Level
 Blink                    Tloc           0%         N/A       96%         2
 Conjure Flame            Conj/Fire      0%         6-21      99%         3
 Ignite Poison            Fire/Tmut/Pois 0%         N/A       99%         3
 Sticky Flame             Conj/Fire      0%         2d3       100%        4
 Manifold Assault         Tloc           0%         N/A       100%        5
 Storm Form               Tmut/Air       0%         N/A       100%        7


Dungeon Overview and Level Annotations

Branches:
Dungeon (10/15) Zot: 3073    Lair (0/5) D:9             Orc (1/2) D:9 Zot: 432
  Sewer (visited)
 Temple: D:4-7

Altars:
Cheibriados
Gozag
Okawaru
Sif Muna

Shops:
Orc:1 (


Innate Abilities, Weirdness & Mutations

You passively map the area around you.
You are easily found by Zot.
You glow in the dark.
You regain HP and MP as you explore.
Your skin changes colour to match your surroundings (Stealth+).
You have an increased reservoir of magic. (+10% MP)


Message History

The ice devil is distracted by your dazzling golden aura.
Okay, then. [a] - 405 gold - resistance and heal wounds [b] - 286 gold - heal wounds, curing and berserk rage [c] - 609 gold - curing, magic and resistance Purchase which effect?
You feel much better.
You feel better.
A red film seems to cover your vision as you go berserk!
You feel yourself moving faster!
You feel mighty!
The ice devil is no longer distracted by gold.
The orc high priest prays to Beogh.
The orc priest mumbles some strange prayers to Beogh against you.
Beogh smites you!
The orc is distracted by your dazzling golden aura. x2
You block the orc's attack. You block the orange demon's attack.
You block the ice devil's attack.
The orc shouts!
You now have 132/148 hp.
You hit the ice devil.
The ice devil is lightly wounded.
You completely miss the orc priest. You slash the orc!
You kill the orc!
You closely miss the orc.
The orc is no longer distracted by gold.
The orc high priest is distracted by your dazzling golden aura.
You block the orc's attack. The orange demon stings you from afar.
You take 1 damage, and have 131/148 hp.
The orc high priest shouts!
You slice the orc!!
You kill the orc!
You closely miss the sixfirhy. You hit the orc priest.
The orange demon disappears in a puff of smoke!
You block the orc priest's attack.
You slash the sixfirhy!
The sixfirhy is moderately wounded.
You slash the orc priest!
You kill the orc priest!
You slash the orc priest!
You kill the orc priest!
The orc high priest is no longer distracted by gold.
The orc is distracted by your dazzling golden aura.
The orc high priest calls upon Beogh to heal the orc warrior.
The orc warrior is healed somewhat.
The orc shouts!
You completely miss the sixfirhy.
The sixfirhy is lightly wounded.
You closely miss the sixfirhy.
The sixfirhy is lightly wounded.
You completely miss the ice devil.
The orc is no longer distracted by gold.
You block the sixfirhy's attack. The sixfirhy hits you.
The sixfirhy shocks you!
The orc warrior is distracted by your dazzling golden aura.
You take 13 damage, and have 120/148 hp.
You miss the sixfirhy.
The sixfirhy is lightly wounded.
The orc warrior shouts!
You slash the ice devil! You hit the orc.
The orc is no longer distracted by gold.
You block the sixfirhy's attack. The sixfirhy barely misses you.
The ice devil hits you but does no damage.
The sixfirhy barely misses you. The orc closely misses you.
You miss the sixfirhy.
The sixfirhy is lightly wounded.
You hit the orc. You hit the ice devil. The sixfirhy hits you!
The sixfirhy shocks you!
The sixfirhy hits you but does no damage.
You block the ice devil's attack.
You take 18 damage, and have 103/148 hp.
You hit the sixfirhy.
The sixfirhy is moderately wounded.
You hit the ice devil but do no damage. You hit the orc.
You kill the orc!
The orc warrior is no longer distracted by gold.
The sixfirhy hits you! The sixfirhy shocks you!
You take 15 damage, and have 88/148 hp.
You closely miss the sixfirhy.
The sixfirhy is lightly wounded.
You hit the ice devil but do no damage. You closely miss the orc.
The ice devil hits you but does no damage.
You block the orc's attack.
You closely miss the sixfirhy.
The sixfirhy is lightly wounded.
You barely miss the orc. You hit the ice devil.
The ice devil hits you but does no damage.
You closely miss the sixfirhy.
The sixfirhy is lightly wounded.
You slash the ice devil! You completely miss the orc.
The orange demon closely misses you. You block the orc's attack.
You block the sixfirhy's attack.
You closely miss the sixfirhy.
The sixfirhy is lightly wounded.
You slash the orc!
You kill the orc!
You slash the orc warrior! You barely miss the ice devil.
The sixfirhy hits you but does no damage.
The ice devil hits you but does no damage.
You block the sixfirhy's attack. You block the orange demon's attack.
The orc warrior hits you but does no damage.
You miss the sixfirhy.
The sixfirhy is lightly wounded.
You barely miss the orc warrior. You barely miss the ice devil.
The sixfirhy hits you. The sixfirhy shocks you! The sixfirhy hits you!
The sixfirhy shocks you! You block the sixfirhy's attack.
The ice devil hits you but does no damage.
You take 34 damage, and have 57/148 hp.
MASSIVE DAMAGE!!
You miss the sixfirhy.
The sixfirhy is lightly wounded.
You slash the orc warrior!
You kill the orc warrior!
You slash the ice devil!
You kill the ice devil!
The ice devil disappears in a puff of smoke!
You block the sixfirhy's attack. x2
The orange demon stings you but does no damage.
You completely miss the sixfirhy.
The sixfirhy is lightly wounded.
The orange demon stings you from afar!
You are poisoned.
The orange demon poisons you!
You take 8 damage, and have 50/148 hp.
You closely miss the sixfirhy.
You feel very sick.
You take 3 damage, and have 47/148 hp.
You slash the sixfirhy!
The sixfirhy is moderately wounded.
You feel very sick. The orange demon stings you from afar.
* * * LOW HITPOINT WARNING * * *
You take 8 damage, and have 39/148 hp.
You miss the sixfirhy.
The sixfirhy is lightly wounded.
You are no longer berserk.
You are exhausted.
You feel yourself slow down.
You feel sick. You block the sixfirhy's attack.
The orange demon stings you but does no damage.
The sixfirhy hits you but does no damage.
The orc high priest mumbles some strange prayers to Beogh against you.
Beogh smites you!
* * * LOW HITPOINT WARNING * * *
You now have 18/99 hp.
As you read the scroll of teleportation, it crumbles to dust.
You feel strangely unstable.
You feel very sick. The sixfirhy hits you!
* * * LOW HITPOINT WARNING * * *
The sixfirhy shocks you!
You die...
Your body crumbles into a pile of gold.

* ##).......#### * * , ***
####.).##...###.. * , ,,,,
*##))<)#.#.....#... * ,
,*#.)).###.)........ , ** ..
######..#....∩.†.... $ ,#..
#..####............. **
#..####....#....#.....#... $
, *
.......$$$.....##...##...
#.....$@....#...######.. *
#.....##3..###..###.##..
,,.....#.$#.4.......##......
, ,....
#..o.o......#*##....# *
.....###4.##....####....##
,,,
...........##...###.....# ,
,.....................#...#
, *,
..#....###....##..#.###.##
#....,#........#### ###


You could see an orc high priest, an orange demon (summoned) and a sixfirhy
(summoned).

Vanquished Creatures
  A troll (D:9)
  A hornet (D:10)
  7 yaks (D:9)
  2 humans (D:9)
  A vampire (D:9)
  6 wyverns
  Edmund (D:6)
  4 water moccasins
  3 black bears (D:9)
  13 orc warriors
  2 ogres (Orc:1)
  A wolf (D:9)
  A centaur (D:7)
  5 kobold brigands
  3 bullfrogs
  2 necrophages
  7 killer bees
  3 howler monkeys (D:9)
  2 hounds
  A jelly (D:4)
  8 orc priests
  3 iguanas
  20 orc wizards
  3 gnolls (D:5)
  10 adders
  4 river rats
  A white imp (D:5)
  An ufetubus (D:4)
  A worm (D:2)
  43 orcs
  16 ball pythons
  An endoplasm (D:2)
  3 giant cockroaches (D:5)
  2 goblins (D:1)
  4 hobgoblins
  12 jackals
  3 quokkas
  3 bats (D:1)
  3 frilled lizards (D:1)
  22 kobolds
  7 rats
236 creatures vanquished.

Vanquished Creatures (others)
  3 fungi (D:9)
  33 plants
  4 toadstools (D:1)
40 creatures vanquished.

Grand Total: 276 creatures vanquished

Notes
Turn   | Place    | Note
-------+----------+-------------------------------------------
     0 | D:1      | mdonais the Meteoran Fighter began the quest for the Orb.
     0 | D:1      | Reached XP level 1. HP: 19/19 MP: 2/2
    85 | D:1      | Reached XP level 2. HP: 25/26 MP: 3/3
   198 | D:1      | Reached XP level 3. HP: 26/31 MP: 4/4
   280 | D:1      | Reached skill level 3 in Axes
   416 | D:2      | Reached XP level 4. HP: 40/40 MP: 5/5
   489 | D:4      | Reached skill level 4 in Axes
   489 | D:4      | Reached XP level 5. HP: 20/47 MP: 6/6
   516 | D:4      | Noticed a necrophage
   529 | D:4      | Killed a necrophage
   530 | D:4      | Reached XP level 6. HP: 35/55 MP: 7/7
   539 | D:4      | Reached skill level 5 in Fighting
   682 | D:4      | Reached skill level 5 in Axes
   758 | D:5      | Entered Level 5 of the Dungeon
   762 | D:5      | Identified a scroll of acquirement
   763 | D:5      | Acquired the +1 helmet "Eshotoe" {rC+ Str+2 Stlth-}
   782 | D:5      | Reached XP level 7. HP: 61/62 MP: 8/8
   843 | D:5      | Reached skill level 6 in Axes
   928 | D:5      | Found a glowing drain.
   944 | Sewer    | Entered a sewer
  1089 | Sewer    | Reached XP level 8. HP: 68/71 MP: 9/9
  1146 | Sewer    | Reached skill level 7 in Axes
  1327 | Sewer    | Glimpsed the power of Zot.
  1360 | Sewer    | Glimpsed the power of Zot.
  1663 | D:6      | Noticed Edmund
  1670 | D:6      | Killed Edmund
  1708 | D:6      | Reached skill level 8 in Axes
  1818 | D:6      | Found an opulent altar of Gozag.
  1841 | D:6      | Became a worshipper of Gozag Ym Sagoz the Greedy
  1930 | D:6      | Reached skill level 1 in Dodging
  1930 | D:6      | Gained mutation: You passively map the area around you.
                  | [Meteoran growth]
  1930 | D:6      | Reached XP level 9. HP: 69/81 MP: 10/10
  2236 | D:8      | Noticed a cyclops
  2253 | D:8      | Reached skill level 5 in Armour
  2288 | D:9      | Reached skill level 9 in Axes
  2326 | D:9      | Reached XP level 10. HP: 45/91 MP: 11/11
  2333 | D:9      | Reached skill level 10 in Axes
  2378 | D:8      | Identified the +2 pearl dragon scales of Esexops {+Blink
                  | rF+ rN+ Regen+}
  2409 | D:8      | Reached skill level 1 in Evocations
  2471 | D:9      | Noticed a two-headed ogre
  2536 | D:9      | Found a snail-covered altar of Cheibriados.
  2567 | D:9      | Reached skill level 10 in Fighting
  2602 | D:9      | Found an iron altar of Okawaru.
  2692 | D:9      | Reached skill level 11 in Axes
  2718 | D:9      | Reached skill level 5 in Evocations
  2753 | D:9      | Reached skill level 12 in Axes
  2792 | D:9      | Reached skill level 5 in Shields
  2792 | D:9      | Reached XP level 11. HP: 36/99 MP: 12/12
  2910 | D:9      | Noticed a two-headed ogre
  2928 | D:10     | Entered Level 10 of the Dungeon
  3033 | D:10     | Found a shimmering blue altar of Sif Muna.
  3261 | D:9      | Found a staircase to the Orcish Mines.
  3270 | Orc:1    | Entered Level 1 of the Orcish Mines
  3277 | Orc:1    | Found Enesuej's Weapon Boutique.
  3308 | Orc:1    | Gained mutation: You have an increased reservoir of magic.
                  | (+10% MP) [potion of mutation]
  3308 | Orc:1    | Gained mutation: Your skin changes colour to match your
                  | surroundings (Stealth+). [potion of mutation]
  3403 | Orc:1    | Noticed an orc high priest
  3422 | Orc:1    | Noticed a sixfirhy
  3440 | Orc:1    | Slain by a sixfirhy

Illustrated notes

Levels and vault maps discovered:
D:1:      ldierk_walled_garden_2, layout_loops_ring,
          hellmonk_ecumenical_altar_inner_sanctum, minmay_tetromino_t2
D:2:      layout_rooms
D:3:      layout_rooms, mainiacjoe_overflow_surrounded_room,
          mainiacjoe_overflow_catwalk_spiral, kennysheep_generic_room_8,
          uniq_ijyb
D:4:      layout_cave_pods, hangedman_abyss_or_decor_passed
D:5:      layout_loops_ring, portal_sewer_entry_b, minmay_crossroads
D:6:      layout_basic, amcnicky_altar_gilded,
          minmay_temple_entry_drinking_statues, dk_noncrumbling_2, uniq_edmund
D:7:      layout_loops_cross, uniq_crazy_yiuf_cottage
D:8:      layout_basic
D:9:      layout_loops_corners, okawaru_humans, mainiacjoe_overflow_brackets,
          minmay_lair_entry_grove, david_orc_4
D:10:     layout_stronghold, nicolae_sif_muna_condensation
Orc:1:    layout_diamond_mine, serial_shops, nicolae_shop_bloodbath_and_beyond

Skill      XL: |  1  2  3  4  5  6  7  8  9 10 11 |
---------------+----------------------------------+-----
Shields        | 4 5 9 |  9.4
Armour         | 4 6 8 |  8.1
Axes           | 3 4 5 6 8 9 12 | 12.0
Fighting       | 4 5 6 8 9 10 | 10.0
Dodging        | 1 3 |  3.0
Evocations     | 5 |  5.0

Action                   |  1- 3 |  4- 6 |  7- 9 | 10-12 || total
-------------------------+-------+-------+-------+-------++-------
Melee: War axe           |   101 |    57 |   285 |   395 ||   838
Throw: Boomerang         |       |       |     2 |       ||     2
Invok: Potion Petition   |       |       |       |     1 ||     1
Evoke: Wand              |       |       |       |     4 ||     4
  Use: Scroll            |       |     5 |     8 |     5 ||    18
       Potion            |       |       |     5 |     7 ||    12
 Stab: Distracted        |       |       |     2 |     4 ||     6
Armor: Scale mail        |    51 |    25 |   139 |   108 ||   323
       Skin              |       |       |     1 |    35 ||    36
       Pearl dragon scal |       |       |       |    72 ||    72
Dodge: Dodged            |    36 |    25 |    86 |   116 ||   263
Block: Buckler           |    34 |    11 |    51 |    63 ||   159
       Kite shield       |       |       |       |    74 ||    74
